 Dungeon Crawl Stone Soup version 0.30-a0-613-gdd512c7efb (webtiles) character file.

Game seed: 7126606457595704564

2363 bmack86 the Fighter (level 9, -1/82 HPs)
             Began as a Minotaur Fighter on Jan 8, 2023.
             Was a Priest of Okawaru.
             Killed from afar by an electric eel (8 damage)
             ... with a bolt of electricity
             ... on level 7 of the Dungeon.
             The game lasted 00:14:54 (5110 turns).

bmack86 the Fighter (Minotaur Fighter)              Turns: 5110, Time: 00:14:55

Health: -1/82      AC: 13    Str: 25    XL:     9   Next: 21%
Magic:  10/10      EV:  6    Int:  5    God:    Okawaru [***...]
Gold:   179        SH:  7    Dex: 16    Spells: 8/8 levels left

rFire   . . .      SeeInvis .    a - +1 war axe
rCold   + . .      Faith    .    c - +1 buckler
rNeg    . . .      Spirit   .    A - +0 plate armour
rPois   .          Reflect  .    (helmet restricted)
rElec   .          Harm     .    (no cloak)
rCorr   .          Rampage  .    (no gloves)
Will    .....                    (no boots) Stlth
                                 i - amulet of regeneration
HPRegen 1.13/turn                j - +6 ring of dexterity
MPRegen 0.12/turn                z - ring of protection from cold

@: no status effects
A: horns 2, retaliatory headbutt
a: Renounce Religion, Heroism


You were on level 7 of the Dungeon.
You worshipped Okawaru.
Okawaru was most pleased with you.
You visited 2 branches of the dungeon, and saw 8 of its levels.

You collected 179 gold pieces.

Inventory:

Hand Weapons
 a - a +1 war axe (weapon)
Missiles
 w - a throwing net (quivered)
Armour
 c - a +1 buckler (worn)
 A - a +0 plate armour (worn)
Jewellery
 b - a ring of protection from cold
 i - an amulet of regeneration (around neck)
 j - a +6 ring of dexterity (left hand)
 z - a ring of protection from cold (right hand)
Wands
 e - a wand of digging (5)
 g - a wand of polymorph (6)
 C - a wand of roots (4)
Scrolls
 k - 2 scrolls of enchant weapon
 n - a scroll of fear
 s - 2 scrolls of enchant armour
 u - a scroll of magic mapping
 v - a scroll of teleportation
 x - a scroll of brand weapon
 y - a scroll of fog {unknown}
Potions
 d - 2 potions of might
 f - 2 potions of cancellation
 h - a potion of invisibility
 l - a potion of flight
 m - 2 potions of berserk rage
 o - 2 potions of lignification
 p - 3 potions of mutation
 q - 4 potions of attraction
 r - a potion of heal wounds
 t - 2 potions of curing
 B - a potion of magic {unknown}


   Skills:
 * Level 8.7 Fighting
 * Level 8.1 Axes
 + Level 3.2 Throwing
 + Level 6.6 Armour
 + Level 6.6 Shields
 + Level 3.3 Invocations


You had 8 spell levels left.
You didn't know any spells.
Your spell library contained the following spells:

 Spells                   Type           Power      Damage    Failure   Level
 Beastly Appendage        Tmut           0%         N/A       100%        1
 Foxfire                  Conj/Fire      0%         2x1d4     100%        1
 Freeze                   Ice            0%         1d3       100%        1
 Sandblast                Erth           0%         2d4       100%        1
 Slow                     Hex            0%         N/A       100%        1
 Passwall                 Tmut/Erth      0%         N/A       100%        2
 Wereblood                Tmut           0%         N/A       100%        2
 Confusing Touch          Hex            0%         N/A       100%        3
 Dazzling Flash           Conj/Hex       0%         N/A       100%        3
 Frozen Ramparts          Ice            0%         1d1       100%        3
 Hailstorm                Conj/Ice       0%         3d3       100%        3
 Ignite Poison            Fire/Tmut/Pois 0%         N/A       100%        3
 Kindle Blastsparks       Fire/Tloc/Air  0%         2d10      100%        3
 Spider Form              Tmut/Pois      0%         N/A       100%        3
 Stone Arrow              Conj/Erth      0%         3d7       100%        3
 Vampiric Draining        Necr           0%         2d6       100%        3
 Ice Form                 Ice/Tmut       0%         N/A       100%        4
 Iskenderun's Mystic Bla  Conj/Tloc      0%         2d3       100%        4
 Fireball                 Conj/Fire      0%         3d3       100%        5
 Freezing Cloud           Conj/Ice/Air   0%         6-21      100%        5
 Starburst                Conj/Fire      0%         6d3       100%        6
 Summon Ice Beast         Ice/Summ       Unusable   N/A       N/A         4

Dungeon Overview and Level Annotations

Branches:
Dungeon (7/15)             Temple (1/1) D:4

Altars:
Ashenzari
Cheibriados
Dithmenos
Elyvilon
Fedhas
Hepliaklqana
Kikubaaqudgha
Nemelex Xobeh
Okawaru
Qazlal
Ru
Sif Muna
Trog
Uskayaw
Vehumet
Wu Jian
Yredelemnul
Zin
The Shining One

Shops:
D:4 [[?**   D:6 *

Annotations:
D:7 Joseph


Innate Abilities, Weirdness & Mutations

You have a pair of horns on your head.
You reflexively headbutt those who attack you in melee.


Message History

Joseph shoots a sling bullet.
The sling bullet hits you.
Joseph shoots a sling bullet.
The sling bullet barely misses you.
The electric eel shoots out a bolt of lightning at you!
The bolt of electricity hits you!
There is a large open door here.
Joseph unwields a +0 sling.
Joseph wields a +0 quarterstaff.
Joseph hits you but does no damage.
The electric eel shoots out a bolt of lightning at you!
The bolt of electricity hits you.
The electric eel shoots out a bolt of lightning at you!
The bolt of electricity hits you!
The electric eel shoots out a bolt of lightning at you!
The bolt of electricity hits you!
The electric eel shoots out a bolt of lightning at you!
The bolt of electricity hits you! You block Joseph's attack.
You barely miss Joseph. Your headbutt misses Joseph.
You barely miss the electric eel. Joseph hits you but does no damage.
You closely miss Joseph. Your headbutt misses Joseph.
You closely miss the electric eel.
Joseph says, "I've waited for this moment for such a long time."
You block Joseph's attack.
You hit Joseph. Your headbutt misses Joseph.
Joseph is lightly wounded.
You hit the electric eel.
The electric eel shoots out a bolt of lightning at you!
The bolt of electricity hits you! Joseph barely misses you.
You hit Joseph.
Joseph is lightly wounded.
You completely miss the electric eel. Joseph hits you with a +0 quarterstaff!
* * * LOW HITPOINT WARNING * * *
You closely miss Joseph. Your headbutt misses Joseph.
Joseph is lightly wounded.
You hit the electric eel. Joseph hits you with a +0 quarterstaff!
* * * LOW HITPOINT WARNING * * *
The electric eel shoots out a bolt of lightning at you!
The bolt of electricity hits you.
* * * LOW HITPOINT WARNING * * *
The electric eel shoots out a bolt of lightning at you!
The bolt of electricity hits you!
You die...

### #### #~~~ ~~~#
..#~~~ ~~~# ..#~~~ ~~~#
..'...# S..+ ..
..'..~.#...+.# .......
#~~~~.~~~#.. ###......
#~~~.@@~~#.. #........
#~~~..S~~##.##....#.#.
.#####''#####...........
.....#...##.##.......#.#
..#......##.>.......)#.#
...........)†........#.#
.!.........)............
.#.........)†#...######.
.>.........###.#..#####.


You could see Joseph and 2 electric eels.

Vanquished Creatures
  An orc warrior (D:6)
  2 ice beasts
  An ogre (D:6)
  2 black bears
  4 centaurs
  4 phantoms (D:5)
  A bullfrog (D:7)
  A necrophage (D:5)
  5 scorpions
  5 wights (D:6)
  3 howler monkeys (D:7)
  A jelly (D:4)
  2 orc priests
  Jessica (D:3)
  An iguana (D:5)
  3 orc wizards
  3 gnolls (D:4)
  6 adders
  A white imp (D:5)
  2 ufetubi
  2 worms
  4 dart slugs
  16 orcs
  2 ball pythons
  5 endoplasms
  3 giant cockroaches
  17 goblins
  8 hobgoblins
  3 jackals (D:4)
  3 kobolds
  3 quokkas
  4 bats
  5 frilled lizards
  5 rats
129 creatures vanquished.

Notes
Turn   | Place    | Note
-------+----------+-------------------------------------------
     0 | D:1      | bmack86 the Minotaur Fighter began the quest for the Orb.
     0 | D:1      | Reached XP level 1. HP: 19/19 MP: 0/0
   133 | D:1      | Reached XP level 2. HP: 22/27 MP: 1/1
   776 | D:2      | Reached XP level 3. HP: 33/33 MP: 2/2
  1047 | D:2      | Identified the +4 dagger of Suhirav {protect, rF- Str+6
                  | Int+4}
  1183 | D:2      | Reached XP level 4. HP: 41/41 MP: 3/3
  1426 | D:3      | Found a faded altar of an unknown god.
  1460 | D:3      | Noticed Jessica
  1463 | D:3      | Killed Jessica
  1823 | D:3      | Reached skill level 5 in Fighting
  2106 | D:4      | Found a staircase to the Ecumenical Temple.
  2117 | D:4      | Reached XP level 5. HP: 33/48 MP: 4/4
  2123 | Temple   | Entered the Ecumenical Temple
  2165 | Temple   | Became a worshipper of Warmaster Okawaru
  2269 | D:4      | Noticed a black bear
  2280 | D:4      | Killed a black bear
  2284 | D:4      | Reached XP level 6. HP: 45/57 MP: 5/5
  2287 | D:4      | Found a hide-covered altar of Uskayaw.
  2322 | D:4      | Found Xick's Magic Scroll Shop.
  2477 | D:4      | Found Luimumuw's Armour Shop.
  2560 | D:4      | Found Uruxuny's Armour Shop.
  2643 | D:4      | Found Kyiqiaf's Assorted Antiques.
  3174 | D:4      | Found Piddisio's Assorted Antiques.
  3267 | D:5      | Entered Level 5 of the Dungeon
  3309 | D:5      | Reached skill level 5 in Axes
  3309 | D:5      | Reached skill level 5 in Shields
  3365 | D:5      | Reached skill level 5 in Armour
  3626 | D:5      | Reached * piety under Okawaru
  3627 | D:5      | Reached XP level 7. HP: 47/64 MP: 6/6
  3669 | D:5      | Reached skill level 1 in Throwing
  3669 | D:5      | Reached skill level 1 in Invocations
  3848 | D:5      | Reached ** piety under Okawaru
  3849 | D:5      | Reached XP level 8. HP: 68/73 MP: 8/8
  4658 | D:6      | Found Jeirr's General Store.
  5057 | D:7      | Reached XP level 9. HP: 71/82 MP: 10/10
  5078 | D:7      | Reached *** piety under Okawaru
  5100 | D:7      | Noticed Joseph
  5110 | D:7      | Killed from afar by an electric eel

Illustrated notes

Levels and vault maps discovered:
D:1:      kennysheep_arrival_seaside, layout_loops_ring
D:2:      layout_basic, st_stairs_5, grunt_ministairs_9, eino_tiny_chamber
D:3:      layout_loops_corners, shapermc_ecumenical_altar_petra, uniq_jessica
D:4:      layout_basic, nicolae_uskayaw_murder_on_the_dancefloor,
          minmay_temple_entry_junction, serial_shops, shop_statue,
          nicolae_shop_statue_plus, nicolae_shop_hallway_plus,
          nicolae_shop_advertising_works [nicolae_subvault_shop_adworks],
          nicolae_shop_hallway_plus
D:5:      layout_layer_cave
D:6:      layout_rooms, serial_shops, shop, minmay_ogre_servants
D:7:      layout_rooms, kennysheep_generic_room_4, uniq_joseph, uniq_pikel
Temple:   nicolae_temple_bog_church

Skill      XL: |  1  2  3  4  5  6  7  8  9 |
---------------+----------------------------+-----
Fighting       | 4 5 6 7 8 |  8.7
Axes           | 3 4 5 6 7 8 |  8.1
Shields        | 4 5 6 |  6.6
Armour         | 4 5 6 |  6.6
Throwing       | 1 3 |  3.2
Invocations    | 1 3 |  3.3

Action                   |  1- 3 |  4- 6 |  7- 9 || total
-------------------------+-------+-------+-------++-------
Melee: War axe           |    56 |    94 |   134 ||   284
       Headbutt          |     8 |    19 |    22 ||    49
Invok: Heroism           |       |       |     2 ||     2
  Use: Scroll            |     4 |     6 |     7 ||    17
Armor: Scale mail        |    22 |       |       ||    22
       Chain mail        |     7 |    75 |    68 ||   150
       Plate armour      |       |       |    44 ||    44
Dodge: Dodged            |    33 |    45 |    60 ||   138
Block: Buckler           |    13 |    40 |    68 ||   121

Table legend: (Time is in decaauts)
 A = Elapsed time spent in this place.
 B = Non-inter-level travel time spent in this place.
 C = Inter-level travel time spent in this place.
 D = Time resting spent in this place.
 E = Time spent auto-exploring this place.
 F = Levels seen in this place.
 G = Mean time per level.
                   A        B        C        D        E       F      G
               +--------+--------+--------+--------+--------+-----+--------+
         Total |   5184 |   5003 |    181 |     46 |   3664 |   8 |  648.0 |
       Dungeon |   5115 |   4953 |    162 |     46 |   3635 |   7 |  730.7 |
        Temple |     68 |     49 |     19 |      0 |     29 |   1 |   68.0 |
               +--------+--------+--------+--------+--------+-----+--------+

Top non-repeatable levels by time:
     D:5: 1235 daAuts
     D:4: 1123 daAuts
     D:3: 808 daAuts
     D:1: 780 daAuts
     D:6: 550 daAuts
     D:2: 536 daAuts
     D:7: 80 daAuts
  Temple: 68 daAuts
